Map: Tourmaline LE

Players

LiquidClem (Clem) - Winner!

  • Race: Protoss Protoss
  • League: Grandmaster
  • Spawn Location: 7:00

HeroMarine

  • Race: Terran Terran
  • Spawn Location: 1:00

VOD

Have the link to the VOD?

Description

Time

  • Played on: Jan. 31, 2026, 10:30 a.m.
  • Length: 8:01
Show
View Real Time Build Order
Export as new Build Order

LiquidClem Protoss - Winner!

Build Orders: 1 Gate Expand, Blink Stalkers 

Get SALT Encoding   

  12  0:00  Probe  
  13  0:12  Probe  
  14  0:16  Pylon  
  14  0:22  Probe  
  15  0:30  Probe  
  15  0:35  Gateway  
  16  0:39  Probe  
  17  0:44  Assimilator  
  17  0:51  Probe  
  18  1:03  Probe  
  19  1:15  Probe  
  20  1:22  Cybernetics Core  
  20  1:29  Nexus  
  20  1:36  Pylon  
  20  1:39  Probe  
  21  1:44  Assimilator  
  21  1:48  Adept  
  21  1:51  Probe  
  22  1:58  Warp Gate  
  24  2:03  Probe  
  24  2:08  Adept  
  25  2:09  Shield Battery  
  25  2:15  Probe  
  28  2:27  Probe  
  28  2:28  Twilight Council  
  29  2:35  Stalker  
  29  2:40  Probe  
  29  2:41  Probe  
  32  2:46  Blink  
  32  2:48  Probe  
  33  2:53  Probe  
  35  3:00  Probe  
  35  3:01  Gateway  
  36  3:11  Probe  
  36  3:12  Probe  
  38  3:21  Robotics Facility  
  38  3:23  Probe  
  39  3:30  Gateway, Probe  
  40  3:35  Pylon  
  40  3:36  Probe  
  41  3:42  Probe  
  42  3:51  Stalker  
  42  3:53  Probe  
  42  3:54  Probe  
  46  3:57  Stalker  
  46  4:00  Warp Prism  
  46  4:01  Assimilator  
  48  4:05  Probe  
  48  4:06  Probe  
  52  4:14  Pylon  
  52  4:15  Stalker  
  54  4:30  Probe  
  54  4:32  Probe  
  51  4:42  Probe  
  51  4:44  Probe  
  50  4:48  Observer  
  51  4:53  Stalker x2, Probe, Pylon  
  51  4:55  Probe  
  51  4:57  Nexus  
  51  4:58  Pylon  
  53  5:02  Probe  
  53  5:06  Observer  
  56  5:07  Probe, Charge  
  56  5:10  Gateway  
  56  5:13  Probe  
  56  5:18  Gateway  
  56  5:19  Probe  
  58  5:22  Stalker  
  58  5:27  Stalker  
  62  5:31  Stalker  
  62  5:35  Probe  
  62  5:36  Probe  
  64  5:45  Pylon  
  64  5:47  Probe  
  64  5:48  Probe  
  64  5:49  Forge  
  66  5:56  Stalker x2  
  70  5:59  Stalker  
  70  6:00  Probe x2  
  70  6:02  Pylon  
  73  6:10  Probe  
  67  6:12  Probe x2  
  67  6:18  Stalker x2  
  63  6:21  Stalker  
  65  6:27  Stalker  
  65  6:30  Probe  
  66  6:33  Probe  
  66  6:35  Probe  
  66  6:42  Probe  
  66  6:45  Probe  
  66  6:47  Stalker x3  
  66  6:51  Probe  
  66  6:53  Stalker  
  73  6:54  Probe  
  73  6:57  Probe  
  75  7:03  Probe  
  75  7:06  Probe  
  75  7:10  Probe  
  75  7:15  Probe  
Show
View Real Time Build Order
Export as new Build Order

HeroMarine Terran 

Build Orders: Banshee Rush 

Get SALT Encoding   

  12  0:00  SCV  
  13  0:12  SCV  
  14  0:17  Supply Depot  
  14  0:24  SCV  
  15  0:38  SCV  
  15  0:40  Barracks  
  16  0:43  Refinery  
  16  0:50  SCV  
  16  0:52  Refinery  
  17  1:02  SCV  
  18  1:14  SCV  
  19  1:27  Reaper, Orbital Command  
  20  1:40  Factory  
  20  1:44  Supply Depot  
  20  1:52  SCV  
  21  1:59  Reaper  
  22  2:04  SCV  
  23  2:14  Command Center  
  23  2:17  SCV  
  24  2:24  Hellion  
  27  2:30  SCV  
  27  2:31  Reaper  
  27  2:34  Supply Depot  
  28  2:42  SCV  
  29  2:45  Hellion  
  31  2:55  Starport  
  31  2:56  SCV  
  32  3:03  Barracks Reactor  
  32  3:08  SCV  
  32  3:09  Factory Tech Lab  
  33  3:20  SCV  
  34  3:28  Orbital Command  
  34  3:32  SCV  
  34  3:33  Factory Tech Lab  
  35  3:42  Marine x2, Cloaking Field, Banshee  
  35  3:44  SCV  
  41  3:54  SCV  
  42  3:56  SCV, Siege Tank  
  42  3:59  Marine  
  42  4:00  Marine  
  46  4:03  Supply Depot  
  46  4:06  SCV  
  46  4:08  SCV  
  48  4:11  Barracks  
  48  4:17  Marine x2  
  48  4:18  SCV  
  48  4:20  SCV  
  52  4:28  Siege Tank  
  52  4:30  SCV  
  52  4:32  SCV  
  52  4:35  Marine x2  
  50  4:43  SCV  
  50  4:44  SCV  
  50  4:45  Banshee  
  51  4:53  Marine x2  
  51  4:55  SCV  
  51  4:57  SCV  
  51  4:59  Marine  
  56  5:01  Siege Tank  
  56  5:06  Supply Depot  
  59  5:07  SCV  
  59  5:09  SCV  
  59  5:11  Marine x2  
  63  5:17  Marine  
  63  5:19  SCV  
  63  5:21  SCV  
  66  5:28  Banshee, Marine  
  66  5:29  Supply Depot  
  66  5:31  SCV  
  66  5:33  SCV  
  68  5:39  Marine x2  
  64  5:43  SCV  
  64  5:45  SCV  
  64  5:49  Siege Tank  
  69  5:52  Marine  
  69  5:55  SCV  
  70  5:57  Marine, SCV  
  70  6:03  Bunker  
  71  6:06  Bunker  
  71  6:07  SCV  
  71  6:09  SCV  
  71  6:10  Marine  
  71  6:12  Marine  
  71  6:16  Marine  
  64  6:19  SCV  
  64  6:21  SCV  
  64  6:22  Siege Tank  
  66  6:30  Marine x2  
  66  6:31  SCV  
  65  6:33  SCV  
  65  6:36  Marine  
  64  6:44  SCV  
  64  6:45  SCV  
  62  6:47  Marine  
  62  6:48  Marine, Banshee  
  62  6:54  Marine  
  62  6:56  SCV  
  62  6:58  SCV  
  64  7:08  SCV  
Tags
 
Add a new tag
Caveats
  • Supply blocks, unpowered buildings, or Contaminate may cause inaccurate times.
  • Supply counts are checked every 10 seconds.